Map: World of Sleepers LE

Players

Mez - Winner!

  • Race: Terran Terran
  • League: Master
  • Spawn Location: 7:00

MrBean

  • Race: Protoss Protoss
  • League: Master
  • Spawn Location: 1:00

VOD

Have the link to the VOD?

Description

Time

  • Played on: Aug. 30, 2019, 6:13 a.m.
  • Length: 23:02
Show
View Real Time Build Order
Export as new Build Order

Mez Terran - Winner!

Build Orders: Reaper Expand 

Get SALT Encoding   

  12  0:00  SCV  
  13  0:12  SCV  
  14  0:17  Supply Depot  
  14  0:25  SCV  
  15  0:38  SCV  
  15  0:41  Barracks  
  16  0:46  Refinery  
  16  0:50  SCV  
  17  1:03  SCV  
  18  1:15  SCV  
  19  1:29  Orbital Command  
  19  1:30  Reaper  
  20  1:41  Command Center  
  20  1:52  Bunker  
  20  1:58  Supply Depot  
  20  1:59  SCV  
  21  2:02  Marine  
  22  2:11  SCV  
  23  2:22  Barracks Reactor  
  23  2:36  Command Center  
  24  2:40  Factory  
  24  2:42  SCV  
  24  2:55  Refinery, SCV  
  24  2:56  Orbital Command  
  25  3:01  Marine x2  
  27  3:07  SCV  
  28  3:19  SCV  
  29  3:21  Marine x2  
  29  3:23  SCV  
  29  3:26  Widow Mine  
  34  3:29  Starport  
  34  3:31  SCV  
  35  3:35  SCV  
  36  3:42  Marine x2  
  36  3:43  SCV  
  36  3:47  SCV  
  40  3:50  Widow Mine, Orbital Command  
  42  3:58  Refinery  
  42  3:59  SCV x2  
  42  4:00  Marine x2  
  46  4:06  Starport Tech Lab  
  46  4:11  SCV  
  46  4:12  Factory Tech Lab  
  46  4:16  SCV x2  
  49  4:21  Supply Depot  
  49  4:23  SCV  
  50  4:27  Raven, Marine x2  
  50  4:30  SCV x2  
  56  4:37  Siege Tank  
  59  4:44  SCV x3  
  59  4:45  Marine x2  
  62  4:48  Supply Depot  
  64  4:56  Barracks x2  
  64  4:57  SCV x2  
  64  4:58  Refinery  
  66  5:04  Bunker  
  66  5:05  Bunker  
  66  5:06  SCV  
  67  5:09  SCV  
  68  5:21  Siege Tank  
  68  5:22  Marine x2  
  68  5:23  Orbital Command, SCV x2  
  68  5:25  Engineering Bay, Starport Reactor  
  68  5:26  Engineering Bay  
  76  5:28  Supply Depot  
  75  5:42  SCV x2  
  77  5:50  Orbital Command, Marine x2  
  77  5:52  Barracks  
  77  5:54  Barracks  
  77  5:56  Orbital Command  
  79  5:57  Terran Infantry Armor Level 1, Terran Infantry Weapons Level 1  
  79  5:59  Supply Depot  
  79  6:01  Supply Depot, Stimpack  
  79  6:02  Factory Reactor  
  76  6:14  Orbital Command  
  73  6:23  Marauder x2, Marine x2  
  75  6:26  Combat Shield  
  75  6:41  Marine  
  75  6:43  Barracks Tech Lab, Barracks Reactor  
  75  6:46  Widow Mine  
  75  6:47  Widow Mine, Medivac x2  
  80  6:48  SCV  
  80  6:49  SCV  
  80  6:52  SCV  
  87  6:55  Marauder  
  87  6:56  Marine  
  90  7:03  Supply Depot, Marauder  
  90  7:05  Supply Depot  
  90  7:16  Marauder  
  88  7:23  Medivac  
  88  7:24  Medivac  
  88  7:25  Supply Depot x2  
  88  7:26  Armory  
  88  7:28  SCV x2  
  88  7:29  Supply Depot  
  94  7:36  Marauder x2, Marine x3  
  101  7:42  Bunker, Refinery x2  
  101  7:46  Ghost Academy, SCV x2, Marine  
  104  7:57  Missile Turret  
  98  7:59  Marine x2  
  98  8:00  Marauder x3, Marine  
  98  8:01  Missile Turret  
  98  8:04  Marine  
  108  8:12  Medivac x2  
  109  8:14  SCV x2  
  111  8:21  Marauder x2  
  115  8:29  Marauder, Marine x2  
  119  8:37  Missile Turret  
  119  8:40  Marine x2  
  121  8:42  SCV x3  
  124  8:49  Terran Infantry Armor Level 2, Terran Infantry Weapons Level 2  
  124  8:51  Marine  
  124  8:53  Barracks Tech Lab  
  125  9:02  Supply Depot  
  125  9:06  Supply Depot  
  125  9:07  Supply Depot  
  125  9:08  Supply Depot  
  125  9:23  SCV, Marine x3  
  125  9:24  Marauder x2  
  133  9:26  Fusion Core  
  133  9:27  Starport, SCV x2  
  133  9:28  Marauder  
  137  9:32  Command Center  
  137  9:42  Terran Ship Weapons Level 1  
  137  9:44  Medivac x2  
  137  9:45  Marauder x2  
  145  9:46  Marine x4  
  145  9:49  Marauder  
  145  9:50  Barracks  
  145  9:51  Barracks  
  145  9:52  Barracks  
  147  9:59  Liberator x2  
  147  10:03  Marine  
  147  10:04  Marine  
  147  10:07  Marauder x2  
  137  10:15  Marauder, Marine x2  
  147  10:28  Marauder x2  
  133  10:30  Marine x2  
  133  10:33  Marine x2  
  133  10:34  Starport Tech Lab  
  127  10:37  Marauder  
  127  10:40  Barracks Tech Lab x3  
  127  10:42  Liberator  
  129  10:44  Liberator x2  
  129  10:49  Marauder x2  
  133  10:52  Unknown  
  133  10:56  Missile Turret  
  142  11:05  Missile Turret, SCV x3  
  142  11:08  Advanced Ballistics  
  133  11:18  Marine x3  
  133  11:19  Marauder x2, Marine x3  
  133  11:25  Liberator  
  130  11:27  Liberator  
  130  11:30  Marauder x2  
  120  11:36  Marine x4  
  120  11:37  Marauder, Marine  
  124  11:42  Marauder x2  
  123  11:51  Marauder, Command Center, Marine  
  123  11:52  Liberator  
  126  11:54  Marine  
  123  12:07  Liberator  
  117  12:08  Marine  
  117  12:09  Marauder x2, Marine  
  117  12:10  Liberator  
  122  12:27  Marine  
  122  12:28  Marauder x3, Marine x4  
  139  12:30  Marauder, Marine  
  139  12:35  Liberator  
  142  12:39  Command Center  
  139  12:46  Marauder  
  139  12:48  Marauder  
  146  13:05  Liberator x2  
  141  13:15  Marauder, Marine x2  
  141  13:17  Liberator  
  141  13:19  Marine  
  116  13:20  Marauder, Marine x2  
  117  13:28  Marauder  
  119  13:39  Ghost, Marine x5  
  119  13:40  Marine x3  
  132  13:48  Marine  
  132  13:51  Planetary Fortress  
  132  13:52  Unknown  
  132  13:54  Missile Turret  
  133  14:01  Marauder x4, Marine x3  
  141  14:12  Marauder x2, Marine  
  146  14:19  Marine  
  146  14:22  Marauder  
  146  14:32  Marauder x3, Marine x3  
  146  14:33  Marine  
  146  14:34  Marauder  
  146  14:37  Marine  
  146  14:38  Liberator x3  
  130  14:49  Marauder, Marine x2  
  130  14:52  Marauder  
  129  14:53  Marauder  
  130  15:17  Marauder, Marine  
  130  15:18  Marauder x3, Marine x4  
  130  15:21  Liberator x2  
  143  15:23  Liberator  
  130  15:37  Marauder x2, Marine x2  
  145  15:54  Marauder  
  145  15:55  Marauder  
  145  15:56  Marauder x2, Marine x2  
  151  15:59  Marauder  
  153  16:15  SCV x2  
  153  16:16  SCV x2  
  153  16:17  Terran Infantry Weapons Level 3  
  157  16:24  Marine x10  
  167  16:42  Marine x3  
  167  16:43  Liberator  
  168  16:51  Refinery  
  168  16:52  Refinery  
  167  16:58  Planetary Fortress  
  167  16:59  Marine x8  
  167  17:00  Sensor Tower  
  154  17:06  Liberator  
  139  17:21  Sensor Tower  
  139  17:24  Ghost  
  142  17:44  SCV x2  
  142  17:45  Marauder x2, Marine x3  
  142  17:46  Marauder x2  
  154  18:02  Ghost x2  
  158  18:06  Ghost  
  158  18:15  Marauder x3, Marine x2  
  164  18:21  Marine  
  164  18:23  Marine  
  160  18:31  Marauder  
  160  18:32  Ghost  
  158  18:34  Ghost  
  158  18:36  Marauder  
  158  18:37  Marauder, Marine  
  158  18:38  Marine x2  
  158  18:39  Marine  
  158  18:41  Marine  
  163  18:52  Marine  
  113  19:52  Supply Depot  
  113  19:54  Supply Depot  
  113  19:55  Supply Depot  
  113  19:58  Liberator  
  112  20:15  Marine x3  
  112  20:17  Medivac, Marine x3  
  112  20:19  Supply Depot  
  112  20:20  Supply Depot  
  124  20:22  Supply Depot  
  123  20:56  Command Center  
  121  21:21  Orbital Command  
  121  21:37  Refinery  
  121  21:41  Refinery  
Show
View Real Time Build Order
Export as new Build Order

MrBean Protoss 

Build Orders: 1 Gate Expand, Blink Stalkers 

Get SALT Encoding   

  12  0:01  Probe  
  13  0:13  Probe  
  14  0:17  Pylon  
  14  0:25  Probe  
  15  0:37  Gateway, Probe  
  16  0:46  Assimilator  
  16  0:49  Probe  
  17  1:01  Probe  
  19  1:18  Probe  
  19  1:30  Probe  
  20  1:33  Nexus  
  20  1:37  Cybernetics Core  
  20  1:44  Probe  
  20  1:46  Assimilator  
  21  1:47  Pylon  
  21  2:02  Probe  
  21  2:04  Adept  
  22  2:10  Probe  
  25  2:15  Warp Gate  
  25  2:18  Probe  
  26  2:29  Stalker  
  26  2:33  Probe  
  29  2:42  Robotics Facility  
  29  2:45  Probe  
  30  2:52  Probe  
  30  2:54  Sentry  
  30  2:57  Probe  
  32  3:04  Probe  
  35  3:09  Probe  
  36  3:15  Probe  
  36  3:18  Probe  
  37  3:21  Twilight Council  
  37  3:23  Probe  
  37  3:26  Probe  
  38  3:30  Observer  
  38  3:31  Probe  
  41  3:36  Probe  
  41  3:40  Pylon  
  43  3:43  Probe  
  43  3:48  Probe  
  45  3:49  Pylon  
  45  3:52  Assimilator  
  45  3:53  Blink  
  45  3:55  Probe, Assimilator  
  46  3:58  Immortal  
  46  4:00  Probe  
  51  4:07  Pylon, Probe  
  52  4:15  Probe  
  53  4:20  Stalker  
  55  4:24  Gateway  
  55  4:26  Gateway  
  55  4:28  Forge  
  55  4:29  Probe x2  
  57  4:40  Robotics Bay  
  57  4:50  Pylon  
  57  4:53  Stalker  
  59  5:06  Nexus, Protoss Ground Weapons Level 1  
  59  5:16  Stalker  
  59  5:21  Stalker x2  
  65  5:27  Disruptor  
  68  5:32  Probe  
  69  5:37  Gateway  
  69  5:40  Gateway  
  69  5:42  Gateway  
  69  5:44  Probe  
  69  5:49  Photon Cannon  
  70  6:06  Probe x2  
  72  6:24  Probe x3, Charge  
  75  6:29  Warp Prism  
  77  6:34  Stalker x3  
  77  6:36  Stalker x3  
  89  6:40  Probe  
  89  6:41  Probe x2  
  89  6:44  Pylon  
  92  6:53  Probe  
  93  6:56  Gateway  
  93  6:57  Gateway  
  93  6:59  Assimilator  
  93  7:01  Pylon  
  93  7:03  Pylon, Probe x2, Assimilator  
  93  7:05  Probe  
  96  7:08  Protoss Ground Weapons Level 2  
  95  7:24  Stalker x5  
  95  7:25  Stalker  
  95  7:28  Probe x2  
  109  7:37  Disruptor  
  109  7:40  Probe x2  
  112  8:14  Zealot x2  
  112  8:19  Pylon  
  116  8:21  Pylon  
  116  8:23  Pylon  
  116  8:25  Pylon  
  116  8:26  Pylon  
  116  8:32  Disruptor  
  108  8:41  Zealot x5  
  108  8:42  Zealot  
  120  8:55  Probe x2  
  122  8:57  Pylon  
  122  9:00  Gateway, Nexus  
  122  9:01  Immortal, Gateway  
  122  9:02  Pylon  
  122  9:04  Probe  
  122  9:05  Unknown  
  122  9:06  Gateway  
  122  9:07  Probe, Gateway, Zealot x6  
  140  9:27  Probe x2  
  142  9:36  Zealot x6  
  154  9:44  Probe x2  
  154  9:45  Probe  
  139  10:08  Zealot x5  
  139  10:09  Zealot  
  126  10:35  Gateway  
  126  10:36  Gateway  
  126  10:39  Templar Archives, Gateway  
  126  10:41  Gateway  
  126  10:49  Protoss Ground Weapons Level 3  
  126  11:10  Zealot x2  
  126  11:11  Zealot x4  
  101  11:34  Zealot x8  
  101  11:35  Zealot  
  104  12:05  Disruptor  
  104  12:10  Stalker x4  
  104  12:11  Zealot x5, Stalker  
  121  12:21  Psionic Storm  
  112  12:26  Probe  
  112  12:27  Probe  
  114  12:31  Disruptor, Probe  
  114  12:38  Stalker x6  
  126  12:51  Probe  
  127  12:56  High Templar  
  127  12:58  High Templar  
  131  12:59  High Templar x2  
  131  13:01  High Templar x2  
  131  13:02  High Templar x3  
  131  13:03  Disruptor, High Templar  
  147  13:06  Archon x2  
  147  13:07  Archon x2  
  95  13:31  Zealot x3  
  95  13:32  Zealot  
  95  13:33  Zealot  
  95  13:34  Zealot x2  
  102  13:39  Disruptor  
  107  13:46  Nexus  
  107  13:48  Pylon  
  107  13:51  Stalker x6  
  119  13:59  Probe x2  
  119  14:00  Probe x2  
  123  14:11  Probe  
  123  14:15  Disruptor  
  123  14:17  High Templar x7  
  138  14:31  Zealot x3  
  138  14:35  Protoss Ground Armor Level 1  
  110  14:57  Disruptor  
  110  14:59  Stalker  
  115  15:00  Zealot  
  115  15:01  Zealot x6  
  127  15:16  Probe  
  127  15:19  Stalker  
  107  15:44  Zealot x7  
  107  15:45  Zealot x3  
  127  15:57  Probe x3  
  130  16:09  Probe x3  
  130  16:10  Warp Prism  
  135  16:21  Probe x2  
  135  16:22  Probe  
  135  16:23  Probe  
  139  16:29  Zealot x7  
  139  16:30  Zealot x3  
  159  16:33  Probe x2  
  159  16:34  Probe  
  160  16:50  Stalker x3  
  160  16:51  Stalker  
  145  17:06  Disruptor  
  111  17:18  Stalker x4  
  111  17:20  Probe x3  
  111  17:21  Probe  
  123  17:30  Zealot x5  
  123  17:31  Zealot  
  123  17:32  Probe x2  
  123  17:33  Probe  
  123  17:34  Probe  
  139  17:40  Disruptor  
  142  17:44  Probe x2  
  142  17:45  Probe  
  145  17:54  Stalker x4  
  142  18:12  Stalker x2  
  137  18:15  Disruptor  
  140  18:24  Nexus  
  52  19:53  Pylon  
  48  20:14  Nexus  
  48  20:19  Pylon  
  44  21:50  Pylon  
  44  21:51  Pylon  
  44  21:53  Pylon  
  16  22:53  Nexus  
Tags
 
Add a new tag
Caveats
  • Supply blocks, unpowered buildings, or Contaminate may cause inaccurate times.
  • Supply counts are checked every 10 seconds.